 Dungeon Crawl Stone Soup version 0.31.0-11-ge490571c62 (webtiles) character file.

Game seed: 2488480370172732696

110 qw the Skirmisher (level 4, -2/25 HPs)
             Began as a Deep Elf Hunter on Feb 4, 2024.
             Killed from afar by a white imp (10 damage)
             ... with a puff of frost
             ... on level 3 of the Dungeon.
             The game lasted 00:00:05 (1530 turns).

qw the Skirmisher (Deep Elf Hunter)                 Turns: 1530, Time: 00:00:06

Health: -2/25      AC:  4    Str: 10    XL:     4   Next: 61%
Magic:  6/6        EV: 12    Int: 14    God:
Gold:   67         SH:  0    Dex: 18    Spells: 3/3 levels left

rFire   + . .        a - +0 shortbow
rCold   . . .        (shield currently unavailable)
rNeg    . . .        c - +0 leather armour
rPois   .            e - +1 hat
rElec   .            (no cloak)
rCorr   .            (no gloves)
SInv    .            (no boots)
Will    .....        (no amulet)
Stlth   ++           b - ring of protection from fire
HPRegen 0.24/turn    (no ring)
MPRegen 0.10/turn

%: no passive effects
@: no status effects
A: no striking features
a: no special abilities


You were on level 3 of the Dungeon.
You visited 1 branch of the dungeon, and saw 3 of its levels.

You collected 67 gold pieces.


   Skills:
 - Level 1.5 Fighting
 + Level 8.0 Ranged Weapons
 - Level 2.4 Dodging
 - Level 1.2 Stealth


You had 3 spell levels left.
You didn't know any spells.
Your spell library was empty.

Inventory:

Hand Weapons
 a - a +0 shortbow (weapon)
Armour
 c - a +0 leather armour (worn)
 e - a +1 hat (worn)
Jewellery
 b - a ring of protection from fire (left hand)
 g - a ring of fire
Scrolls
 f - a scroll of amnesia {unknown}
 h - a scroll of identify {unknown}
Potions
 d - a potion of resistance {unknown}
 i - a potion of haste {unknown}

Dungeon Overview and Level Annotations

Branches:
Dungeon (3/15)

Altars:


Message History

The endoplasm is moderately wounded.
You shoot an arrow. The arrow hits the endoplasm!
You kill the endoplasm!
A jelly comes into view.
You shoot an arrow. The jelly quivers.
The arrow hits the jelly!
The jelly is severely wounded.
You shoot an arrow. The arrow hits the jelly.
The jelly is almost dead.
You shoot an arrow. The arrow hits the jelly!
You kill the jelly!
Your Ranged Weapons skill increases to level 8!
An endoplasm comes into view.
You shoot an arrow. The endoplasm quivers.
The arrow hits the endoplasm.
The endoplasm is heavily wounded.
You shoot an arrow. The arrow hits the endoplasm!
You kill the endoplasm!
A white imp comes into view.
You shoot an arrow.
The arrow hits the white imp but does no damage.
You shoot an arrow. The arrow closely misses the white imp.
You shoot an arrow. The arrow barely misses the white imp.
The white imp shouts, "Beg for mercy, thou painted tardy-gaited prigger-of-prances!"
The white imp gestures at you. The puff of frost hits you!
You shoot an arrow. The arrow closely misses the white imp.
You start resting.
A white imp is nearby!
You shoot an arrow. The arrow hits the white imp.
The white imp is lightly wounded.
The white imp gestures at you. The puff of frost hits you!
You shoot an arrow. The arrow hits the white imp.
The white imp is moderately wounded.
The white imp gestures at you. The puff of frost hits you!
You die...

.# ##.# #.# #.#
#>#######.#
######.........#
¤.P¤P¤####.#####
..¤¤.¤........#
.¤¤¤¤¤¤.##..#.#
..8.¤5¤@##..#.#
....##......#.#
. #...##.#.#
#...##.#.#
#.........
###.###### ###


You could see a white imp.

Vanquished Creatures
  A jelly (D:3)
  A gnoll (D:1)
  2 adders (D:2)
  A dart slug (D:2)
  A ribbon worm (D:2)
  5 bats (D:1)
  5 endoplasms
  8 goblins
  2 hobgoblins (D:1)
  5 kobolds
  5 ball pythons
  3 frilled lizards (D:1)
  8 rats
47 creatures vanquished.

Notes
Turn   | Place    | Note
-------+----------+-------------------------------------------
     0 | D:1      | qw the Deep Elf Hunter began the quest for the Orb.
     0 | D:1      | Reached XP level 1. HP: 12/12 MP: 3/3
     0 | D:1      | 0 ||| qw: Version: 0.3-a-160-g6735b56
     0 | D:1      | 0 ||| qw: Game counter: 5149
     0 | D:1      | 0 ||| qw: Melee chars always use a shield: true
     0 | D:1      | 0 ||| qw: God list: Okawaru
     0 | D:1      | 0 ||| qw: Allow faded altars: false
     0 | D:1      | 0 ||| qw: Do Orc after clearing Dungeon:15 true
     0 | D:1      | 0 ||| qw: Do second Lair branch before Depths: true
     0 | D:1      | 0 ||| qw: Lair rune preference: random
     0 | D:1      | 0 ||| qw: Goals: Normal
     0 | D:1      | 0 ||| PLANNING D:1-11
   185 | D:1      | Reached XP level 2. HP: 16/16 MP: 4/4
   210 | D:1      | Reached skill level 6 in Ranged Weapons
   307 | D:1      | Reached XP level 3. HP: 19/20 MP: 5/5
   785 | D:1      | 785 ||| READING scroll labelled ONU JILUIJA.
   788 | D:1      | 788 ||| READING scroll labelled HAPODIXKOA.
   824 | D:1      | 824 ||| DRINKING 2 clear potions.
   871 | D:1      | 871 ||| DROPPING scroll of butterflies.
   872 | D:1      | 872 ||| DROPPING potion of lignification.
   918 | D:2      | 918 ||| DROPPING +3 sling.
   932 | D:2      | Reached skill level 7 in Ranged Weapons
  1124 | D:2      | Reached XP level 4. HP: 25/25 MP: 6/6
  1335 | D:2      | 1335 ||| UPGRADING to +1 hat.
  1340 | D:2      | 1340 ||| UPGRADING to ring of protection from fire.
  1514 | D:3      | Reached skill level 8 in Ranged Weapons
  1530 | D:3      | Killed from afar by a white imp

Levels and vault maps discovered:
D:1:      nagdon_arrival_double_spiral, layout_basic
D:2:      layout_loops_ring
D:3:      layout_loops_cross, amcnicky_altar_gilded, minitemple, serial_undead,
          serial_undead_e, serial_undead_d, serial_undead_b, serial_undead_a,
          grunt_decor_clamped, mrwooster_statue_mirror, uniq_natasha,
          uniq_sigmund, uniq_crazy_yiuf_cottage, uniq_grinder

Skill      XL: |  1  2  3  4 |
---------------+-------------+-----
Ranged Weapons | 6 7 8 |  8.0
Fighting       | |  1.5
Dodging        | |  2.4
Stealth        | |  1.2

Action                     |  1- 3 |  4- 6 || total
---------------------------+-------+-------++-------
   Fire: Shortbow          |   104 |    30 ||   134
    Use: Scroll            |     2 |       ||     2
         Potion            |     1 |       ||     1
 Armour: Leather armour    |    10 |     3 ||    13
  Dodge: Dodged            |    11 |       ||    11

Table legend:
 A = Non-vault XP
 B = Vault XP
 C = Vault XP percentage of total XP
 D = Non-vault monster count
 E = Vault monster count
 F = Vault count percentage of total count
                 A         B        C        D         E       F
            +---------+---------+-------+---------+---------+-------
      Total |     158 |       0 |   0.0 |      47 |       0 |   0.0
            +---------+---------+-------+---------+---------+-------
        D:1 |      55 |       0 |   0.0 |      26 |       0 |   0.0
        D:2 |      53 |       0 |   0.0 |      14 |       0 |   0.0
        D:3 |      50 |       0 |   0.0 |       7 |       0 |   0.0
            +---------+---------+-------+---------+---------+-------
